Map: Dusk Towers

Players

ShimOon

  • Race: Terran Terran
  • League: Master

Miszu - Winner!

  • Race: Terran Terran
  • League: Master

VOD

Have the link to the VOD?

Description

Time

  • Played on: April 25, 2016, 3:12 p.m.
  • Length: 9:38
Show
View Real Time Build Order
Export as new Build Order

ShimOon Terran 

Build Orders: Reaper Expand 

Get SALT Encoding   

  12  0:01  SCV  
  13  0:13  SCV  
  14  0:18  Supply Depot  
  14  0:25  SCV  
  15  0:39  SCV  
  15  0:40  Barracks  
  16  0:45  Refinery  
  16  0:51  SCV  
  17  1:03  SCV  
  18  1:16  SCV  
  19  1:28  Reaper, Orbital Command  
  20  1:39  Command Center  
  20  1:50  Supply Depot  
  20  1:54  SCV  
  21  1:58  Refinery  
  21  2:00  Barracks Reactor  
  21  2:09  SCV  
  21  2:21  SCV  
  22  2:25  Factory  
  22  2:33  SCV  
  22  2:36  Marine x2  
  25  2:40  Supply Depot  
  25  2:45  SCV  
  26  2:53  Orbital Command  
  26  2:54  Marine x2  
  26  2:57  SCV  
  29  3:09  SCV  
  29  3:11  Starport  
  29  3:12  Factory Tech Lab  
  30  3:21  Marine x2  
  30  3:26  SCV x2  
  34  3:30  Siege Tank  
  37  3:38  SCV x2  
  37  3:39  Marine x2  
  41  3:48  Viking  
  43  3:50  SCV x2  
  45  3:57  Marine x2  
  45  4:05  SCV  
  43  4:17  SCV  
  43  4:18  SCV  
  47  4:24  Medivac  
  47  4:25  Marine x2  
  47  4:30  SCV x2  
  51  4:31  Siege Tank  
  54  4:45  Supply Depot  
  54  4:49  Supply Depot  
  54  5:06  Starport Reactor  
  56  5:07  Barracks, SCV x2  
  56  5:11  Factory Tech Lab  
  52  5:17  Marine  
  52  5:18  Marine  
  52  5:19  SCV x2  
  52  5:31  SCV x2  
  47  5:43  SCV x2  
  49  5:52  Marine x2  
  49  5:55  SCV x2  
  53  6:02  Siege Tank  
  55  6:07  SCV x2  
  55  6:09  Marine  
  55  6:10  Marine  
  44  6:19  SCV x2  
  36  6:27  Marine x2  
  29  6:35  Siege Tank  
  32  6:41  SCV x2  
  32  6:45  Marine  
  35  6:51  Engineering Bay  
  35  6:53  SCV x2  
  37  7:05  SCV  
  38  7:09  Marine x2  
  38  7:12  Viking  
  42  7:18  SCV  
  43  7:23  Missile Turret  
  42  7:38  SCV  
  42  7:40  SCV  
  39  7:50  SCV  
  38  7:53  SCV  
  39  8:02  SCV  
  39  8:05  SCV  
  37  8:14  SCV  
  37  8:17  SCV  
  38  8:26  SCV  
  39  8:30  Medivac x2  
  43  8:35  Marine  
  43  8:36  Marine  
  43  8:39  SCV  
  43  8:40  SCV  
  47  8:46  Marine  
  48  8:51  SCV  
  48  8:52  SCV  
  48  8:53  Marine, Siege Tank  
  54  8:58  Marine  
  54  8:59  Barracks  
  55  9:03  SCV  
  55  9:04  Marine  
  55  9:05  SCV  
  55  9:06  Medivac x2  
  62  9:11  Marine  
  62  9:14  Supply Depot  
  62  9:15  Supply Depot, SCV  
  62  9:17  SCV  
  65  9:19  Marine  
  67  9:25  Refinery  
Show
View Real Time Build Order
Export as new Build Order

Miszu Terran - Winner!

Build Orders: 1/1/1, Banshee Rush 

Get SALT Encoding   

  12  0:00  SCV  
  13  0:13  SCV  
  14  0:17  Supply Depot  
  14  0:25  SCV  
  15  0:32  Refinery  
  15  0:38  SCV  
  16  0:44  Barracks  
  16  0:51  SCV  
  16  0:56  Refinery  
  17  1:03  SCV  
  18  1:15  SCV  
  19  1:31  Orbital Command  
  19  1:32  Factory  
  19  1:36  Reaper  
  20  1:44  Supply Depot  
  20  1:56  SCV  
  21  2:08  Reaper  
  22  2:10  SCV  
  23  2:16  Hellion  
  23  2:18  Starport  
  23  2:22  SCV  
  26  2:27  Supply Depot  
  26  2:38  Hellion  
  26  2:40  Reaper  
  29  2:45  SCV  
  30  2:54  Medivac  
  30  2:57  SCV  
  33  2:59  Hellion  
  33  3:02  Supply Depot  
  35  3:10  SCV  
  35  3:18  Barracks Tech Lab  
  35  3:22  SCV  
  36  3:34  Command Center  
  36  3:35  SCV  
  37  3:44  Banshee  
  37  3:45  Cloaking Field  
  40  3:50  SCV  
  41  4:15  SCV  
  42  4:25  Barracks Reactor, Factory Tech Lab  
  42  4:27  Command Center, SCV, Banshee  
  46  4:41  SCV  
  47  4:46  Barracks x2  
  47  4:49  Orbital Command  
  47  4:53  SCV  
  48  5:04  Marine  
  48  5:05  SCV  
  50  5:17  Marine, SCV  
  50  5:18  Siege Tank, SCV  
  56  5:22  Marine  
  57  5:29  SCV  
  57  5:30  SCV  
  59  5:35  Marine  
  59  5:39  Barracks Tech Lab x2  
  59  5:40  Orbital Command  
  59  5:41  SCV  
  59  5:42  SCV  
  62  5:45  Marine  
  59  5:52  Banshee  
  59  5:53  Marine, Siege Tank, SCV  
  57  6:44  Marine x2  
  57  6:45  Supply Depot, SCV x2  
  57  6:46  Supply Depot  
  57  6:47  Starport Reactor  
  61  7:00  Refinery x2  
  61  7:07  Marine x4, Siege Tank, SCV  
  61  7:08  SCV  
  70  7:16  Barracks  
  70  7:17  Barracks  
  70  7:19  SCV  
  70  7:20  SCV  
  70  7:22  Stimpack, Combat Shields  
  72  7:24  Marine x3  
  72  7:25  Marine  
  76  7:31  SCV  
  76  7:36  SCV  
  77  7:54  SCV  
  77  7:58  Marine x4, Siege Tank, SCV  
  85  8:04  Barracks Tech Lab  
  82  8:05  Barracks Reactor  
  82  8:06  Viking, SCV  
  82  8:07  Barracks Reactor  
  82  8:10  SCV  
  85  8:15  Viking, Marine, Orbital Command  
  85  8:26  Marine x3, SCV x2  
  90  8:28  Supply Depot  
  90  8:29  Supply Depot  
  90  8:30  Supply Depot  
  90  8:31  Supply Depot x2  
  90  8:33  Engineering Bay, Marine  
  90  8:34  Engineering Bay  
  91  8:36  Medivac  
  93  8:50  Marine x4, Medivac, SCV x3  
  93  8:51  Marine  
  103  8:57  Marine  
  103  8:58  Marine x2  
  103  9:01  Siege Tank  
  103  9:02  SCV x3  
  112  9:06  Medivac  
  112  9:07  Marine x3  
  117  9:13  Marine  
  117  9:14  Marine, SCV x3  
  122  9:23  Refinery x2  
Tags
 
Add a new tag
Caveats
  • Supply blocks, unpowered buildings, or Contaminate may cause inaccurate times.
  • Supply counts are checked every 10 seconds.